TOP OF THE 1ST |
Johnson City Cardinals batting - Pitching for Grand Junction Rockies : RHP Jerry Dunne
|
Pitching: RHP Jerry Dunne
|
|
Batting: RHB Chris Rouleau
|
0-0: Foul Ball, location: 2F 0-1: Ball 1-1: Swinging Strike 1-2: Strikes out swinging
|
Batting: RHB Nelson Salamanca
|
0-0: Ground out 5-3 (Groundball, 56, EV 90.0 MPH)
|
Batting: LHB Ken Compton
|
0-0: Swinging Strike 0-1: Ball 1-1: Ground out 5-3 (Groundball, 6, EV 109.4 MPH)
|
Top of the 1st over - 0 runs, 0 hits, 0 errors, 0 left on base; Johnson City 0 - Grand Junction 0 |
BOTTOM OF THE 1ST |
Grand Junction Rockies batting - Pitching for Johnson City Cardinals : RHP Marcos Vergara
|
Pitching: RHP Marcos Vergara
|
|
Batting: LHB Daniel Green
|
0-0: Fly out, F9 (Flyball, 9LD, EV 109.4 MPH)
|
Batting: RHB Ray Insley
|
0-0: Ball 1-0: Fly out, F8 (Flyball, 8RXD, EV 108.8 MPH)
|
Batting: RHB Brent Montagano
|
0-0: Ground out 4-3 (Groundball, 34, EV 108.8 MPH)
|
Bottom of the 1st over - 0 runs, 0 hits, 0 errors, 0 left on base; Johnson City 0 - Grand Junction 0 |
TOP OF THE 2ND |
Johnson City Cardinals batting - Pitching for Grand Junction Rockies : RHP Jerry Dunne
|
Batting: SHB Justin Towry
|
0-0: Ball 1-0: SINGLE (Groundball, 34D, EV 94.4 MPH)
|
Batting: RHB McGwire Jones
|
0-0: Ball 1-0: Called Strike Justin Towry steals 2nd base 1-1: Ground out 5-3 (Groundball, 56, EV 106.9 MPH)
|
Batting: RHB Sam Daw
|
0-0: Ball 1-0: Ball 2-0: Called Strike 2-1: Ball 3-1: Foul Ball, location: 2F 3-2: Base on Balls
|
Batting: RHB Johnny Lowe
|
0-0: Called Strike 0-1: Ball 1-1: Ball 2-1: Ball 3-1: Swinging Strike 3-2: Base on Balls Justin Towry to third Sam Daw to second
|
Batting: RHB Geoff Musico
|
0-0: Called Strike 0-1: Foul Ball, location: 2F 0-2: Foul Ball, location: 2F 0-2: Strikes out swinging
|
Batting: RHB Edgar Klockow
|
0-0: Ground out 4-3 (Groundball, 4, EV 80.0 MPH)
|
Top of the 2nd over - 0 runs, 1 hit, 0 errors, 3 left on base; Johnson City 0 - Grand Junction 0 |
BOTTOM OF THE 2ND |
Grand Junction Rockies batting - Pitching for Johnson City Cardinals : RHP Marcos Vergara
|
Batting: RHB Maurice Moore
|
0-0: Called Strike 0-1: Ball 1-1: Ball 2-1: DOUBLE (Flyball, 8LXD, EV 103.8 MPH) - OUT at third base trying to stretch hit.
|
Batting: RHB Matviy Oliynyk
|
0-0: Ball 1-0: DOUBLE (Line Drive, 89D, EV 106.9 MPH)
|
Batting: RHB Zakhar Edelman
|
0-0: Called Strike 0-1: Ball Passed Ball! Matviy Oliynyk to third 1-1: Ball 2-1: Called Strike 2-2: Ball 3-2: Foul Ball, location: 2F 3-2: Fly out, F7 (Line Drive, 78M, EV 91.9 MPH) Runner from 3rd tags up, SCORES, throw by LF
|
Batting: SHB Craig Ruzic
|
0-0: Called Strike 0-1: SINGLE (Groundball, 4MD, EV 101.2 MPH)
|
Batting: RHB Manny Thompson
|
0-0: Called Strike 0-1: Ball 1-1: Swinging Strike 1-2: Foul Ball, location: 2F 1-2: Ball 2-2: Ball 3-2: Foul Ball, location: 2F 3-2: DOUBLE (Flyball, 8LXD, EV 110.0 MPH) Craig Ruzic to third Craig Ruzic scores
|
Batting: RHB Willie Benito
|
0-0: Ball 1-0: Ball 2-0: SINGLE (Groundball, 4MS, EV 95.0 MPH) Manny Thompson to third Runner from 3rd tries for Home, SAFE, throw by CF to home Willie Benito to second
|
Batting: LHB Daniel Green
|
0-0: Swinging Strike 0-1: Swinging Strike 0-2: Ball 1-2: Foul Ball, location: 2F 1-2: Ball 2-2: Foul Ball, location: 2F 2-2: Foul Ball, location: 2F 2-2: Ball 3-2: Foul Ball, location: 2F 3-2: DOUBLE (Line Drive, 89XD, EV 103.8 MPH) Willie Benito scores
|
Batting: RHB Ray Insley
|
0-0: Ball 1-0: Foul Ball, location: 2F 1-1: Called Strike 1-2: Fly out, F4 (Popup, 3DF, EV 52.5 MPH)
|
Bottom of the 2nd over - 4 runs, 6 hits, 0 errors, 1 left on base; Johnson City 0 - Grand Junction 4 |
TOP OF THE 3RD |
Johnson City Cardinals batting - Pitching for Grand Junction Rockies : RHP Jerry Dunne
|
Batting: RHB Chris Rouleau
|
0-0: Ground out 4-3 (Groundball, 6M, EV 105.0 MPH)
|
Batting: RHB Nelson Salamanca
|
0-0: Ground out 5-3 (Groundball, 5, EV 95.6 MPH)
|
Batting: LHB Ken Compton
|
0-0: Called Strike 0-1: Ball 1-1: Foul Ball, location: 2F 1-2: Ball 2-2: Ball 3-2: DOUBLE (Line Drive, 78D, EV 106.9 MPH)
|
Batting: SHB Justin Towry
|
0-0: Ball 1-0: Swinging Strike 1-1: Foul Ball, location: 2F 1-2: Ground out 6-3 (Groundball, 6M, EV 82.5 MPH)
|
Top of the 3rd over - 0 runs, 1 hit, 0 errors, 1 left on base; Johnson City 0 - Grand Junction 4 |
BOTTOM OF THE 3RD |
Grand Junction Rockies batting - Pitching for Johnson City Cardinals : RHP Marcos Vergara
|
Batting: RHB Brent Montagano
|
0-0: Foul Ball, location: 2F 0-1: Ball 1-1: Ball 2-1: Foul Ball, location: 2F 2-2: Strikes out looking
|
Batting: RHB Maurice Moore
|
0-0: Ball 1-0: Ball 2-0: Ball 3-0: Base on Balls
|
Batting: RHB Matviy Oliynyk
|
0-0: Ball 1-0: Ball 2-0: Ball 3-0: Called Strike 3-1: Base on Balls Maurice Moore to second
|
Batting: RHB Zakhar Edelman
|
0-0: Foul Ball, location: 2F 0-1: Called Strike 0-2: Ball 1-2: Ball 2-2: Fielders Choice at 2nd, 6-4 (Groundball, 6, EV 83.1 MPH) Maurice Moore to third
|
Batting: SHB Craig Ruzic
|
0-0: Ball 1-0: Ball 2-0: Ball Wild Pitch! Maurice Moore scores Zakhar Edelman to second 3-0: Base on Balls
|
Batting: RHB Manny Thompson
|
0-0: Called Strike 0-1: Foul Ball, location: 2F 0-2: Fielders Choice at 2nd, 6-4 (Groundball, 6, EV 91.2 MPH)
|
Bottom of the 3rd over - 1 run, 0 hits, 0 errors, 2 left on base; Johnson City 0 - Grand Junction 5 |
TOP OF THE 4TH |
Johnson City Cardinals batting - Pitching for Grand Junction Rockies : RHP Jerry Dunne
|
Batting: RHB McGwire Jones
|
0-0: Ground out 6-3 (Groundball, 4MS, EV 84.4 MPH)
|
Batting: RHB Sam Daw
|
0-0: Ball 1-0: Ball 2-0: Ball 3-0: Called Strike 3-1: Ground out 6-3 (Groundball, 56, EV 85.0 MPH)
|
Batting: RHB Johnny Lowe
|
0-0: Ball 1-0: Foul Ball, location: 2F 1-1: Ball 2-1: Ball 3-1: Base on Balls
|
Batting: RHB Geoff Musico
|
0-0: Swinging Strike 0-1: Ball 1-1: Called Strike 1-2: DOUBLE (Line Drive, 5D, EV 95.6 MPH) Johnny Lowe to third
|
Batting: RHB Edgar Klockow
|
0-0: Ball 1-0: Called Strike 1-1: Ball 2-1: Ball 3-1: Base on Balls
|
Batting: RHB Chris Rouleau
|
0-0: Ball 1-0: Ball 2-0: Ball 3-0: Base on Balls Johnny Lowe scores Geoff Musico to third Edgar Klockow to second
|
Batting: RHB Nelson Salamanca
|
0-0: Called Strike 0-1: Called Strike 0-2: Foul Ball, location: 2F 0-2: Strikes out swinging
|
Top of the 4th over - 1 run, 1 hit, 0 errors, 3 left on base; Johnson City 1 - Grand Junction 5 |
BOTTOM OF THE 4TH |
Grand Junction Rockies batting - Pitching for Johnson City Cardinals : RHP Marcos Vergara
|
Batting: RHB Willie Benito
|
0-0: Ball 1-0: Ball 2-0: Ball 3-0: Base on Balls
|
Batting: LHB Daniel Green
|
0-0: Ball 1-0: Foul Ball, location: 2F 1-1: DOUBLE (Line Drive, 5D, EV 104.4 MPH) Willie Benito to third
|
Batting: RHB Ray Insley
|
0-0: Called Strike 0-1: Ball 1-1: Swinging Strike 1-2: Ball 2-2: Strikes out swinging
|
Batting: RHB Brent Montagano
|
0-0: Foul Ball, location: 2F 0-1: Foul Ball, location: 2F 0-2: Strikes out looking
|
Batting: RHB Maurice Moore
|
0-0: Ball 1-0: Called Strike 1-1: Ball 2-1: Called Strike 2-2: Strikes out swinging
|
Bottom of the 4th over - 0 runs, 1 hit, 0 errors, 2 left on base; Johnson City 1 - Grand Junction 5 |
TOP OF THE 5TH |
Johnson City Cardinals batting - Pitching for Grand Junction Rockies : RHP Jerry Dunne
|
Batting: LHB Ken Compton
|
0-0: Foul Ball, location: 2F 0-1: Ball 1-1: SINGLE (Groundball, 6MD, EV 98.8 MPH)
|
Batting: SHB Justin Towry
|
0-0: Called Strike 0-1: Ball 1-1: Called Strike 1-2: Grounds out, U3 (Groundball, 3L, EV 106.2 MPH)
|
Batting: RHB McGwire Jones
|
0-0: Ball 1-0: Ground out 5-3 (Groundball, 56S, EV 82.5 MPH)
|
Batting: RHB Sam Daw
|
0-0: Ball 1-0: Ball 2-0: Called Strike 2-1: Ball 3-1: Base on Balls
|
Pitching: RHP David Landa
|
|
Batting: RHB Johnny Lowe
|
0-0: Called Strike 0-1: Ball 1-1: Ball 2-1: Ball 3-1: Called Strike 3-2: 3-RUN HOME RUN (Flyball, 78XD, EV 103.8 MPH), Distance : 424 ft
|
Batting: RHB Geoff Musico
|
0-0: Called Strike 0-1: Ball 1-1: Ball 2-1: Ball 3-1: Base on Balls
|
Batting: RHB Edgar Klockow
|
0-0: Called Strike 0-1: Ball 1-1: Swinging Strike 1-2: Ball 2-2: Strikes out looking
|
Top of the 5th over - 3 runs, 2 hits, 0 errors, 1 left on base; Johnson City 4 - Grand Junction 5 |
BOTTOM OF THE 5TH |
Grand Junction Rockies batting - Pitching for Johnson City Cardinals : RHP Marcos Vergara
|
Pitching: LHP Kevin Turner
|
|
Batting: RHB Matviy Oliynyk
|
0-0: Called Strike 0-1: Ball 1-1: Foul Ball, location: 2F 1-2: SOLO HOME RUN (Flyball, 78XD, EV 110.0 MPH), Distance : 441 ft
|
Batting: RHB Zakhar Edelman
|
0-0: Foul Ball, location: 2F 0-1: Called Strike 0-2: Ball 1-2: Ground out 4-3 (Groundball, 4MD, EV 99.4 MPH)
|
Batting: SHB Craig Ruzic
|
0-0: Ball 1-0: Foul Ball, location: 2F 1-1: Called Strike 1-2: Ball 2-2: Strikes out swinging
|
Batting: RHB Manny Thompson
|
0-0: Ground out 4-3 (Groundball, 4, EV 95.0 MPH)
|
Bottom of the 5th over - 1 run, 1 hit, 0 errors, 0 left on base; Johnson City 4 - Grand Junction 6 |
TOP OF THE 6TH |
Johnson City Cardinals batting - Pitching for Grand Junction Rockies : RHP David Landa
|
Batting: RHB Chris Rouleau
|
0-0: Foul Ball, location: 2F 0-1: Ball 1-1: Ball 2-1: Foul Ball, location: 2F 2-2: Ball 3-2: Base on Balls
|
Pitching: RHP Don Carriere
|
|
Batting: RHB Nelson Salamanca
|
0-0: Called Strike 0-1: Foul Ball, location: 2F 0-2: Ball 1-2: Fly out, F3 (Popup, 3SF, EV 78.8 MPH)
|
Batting: LHB Ken Compton
|
0-0: Ball 1-0: Ball 2-0: Ball 3-0: Base on Balls Chris Rouleau to second
|
Batting: SHB Justin Towry
|
0-0: Hit by Pitch Chris Rouleau to third Ken Compton to second
|
Pinch Runner at 1st Sal Guzman:
|
|
Batting: RHB McGwire Jones
|
0-0: SINGLE (Line Drive, 6MD, EV 97.5 MPH) Chris Rouleau scores Ken Compton to third Sal Guzman to second Throwing error, E8 Ken Compton scores Sal Guzman to third McGwire Jones to second
|
Batting: RHB Sam Daw
|
0-0: Ball 1-0: DOUBLE (Line Drive, 78D, EV 99.4 MPH) Sal Guzman scores McGwire Jones scores
|
Batting: RHB Johnny Lowe
|
0-0: Foul Ball, location: 2F 0-1: Ball 1-1: Foul Ball, location: 2F 1-2: SINGLE (Groundball, 56D, EV 110.6 MPH) Sam Daw to third
|
Batting: RHB Geoff Musico
|
0-0: Hit by Pitch Johnny Lowe to second
|
Batting: RHB Edgar Klockow
|
0-0: Ball 1-0: Ball 2-0: SINGLE (Line Drive, 6, EV 96.9 MPH) Sam Daw scores Johnny Lowe to third Geoff Musico to second Runner from 3rd tries for Home, throw by LF and OUT! 7-2
|
Pitching: LHP Josh Alvarez
|
|
Batting: RHB Chris Rouleau
|
0-0: DOUBLE (Line Drive, 78D, EV 110.6 MPH) Geoff Musico scores Edgar Klockow to third Runner from 3rd tries for Home, SAFE, no throw by CF
|
Batting: RHB Nelson Salamanca
|
0-0: Fly out, F7 (Flyball, 78M, EV 94.4 MPH)
|
Top of the 6th over - 7 runs, 5 hits, 1 error, 1 left on base; Johnson City 11 - Grand Junction 6 |
BOTTOM OF THE 6TH |
Grand Junction Rockies batting - Pitching for Johnson City Cardinals : LHP Kevin Turner
|
Batting: RHB Willie Benito
|
0-0: Ground out 5-3 (Groundball, 56, EV 81.9 MPH)
|
Batting: LHB Daniel Green
|
0-0: Ball 1-0: Ball 2-0: Ball 3-0: Called Strike 3-1: Called Strike 3-2: Ground out 1-3 (Groundball, 34S, EV 66.9 MPH)
|
Batting: RHB Ray Insley
|
0-0: Ball 1-0: Swinging Strike 1-1: Foul Ball, location: 2F 1-2: Foul Ball, location: 2F 1-2: Foul Ball, location: 2F 1-2: Foul Ball, location: 2F 1-2: Ball 2-2: SINGLE (Line Drive, 56D, EV 96.9 MPH)
|
Batting: RHB Brent Montagano
|
0-0: Called Strike 0-1: Ground out 5-3 (Groundball, 56S, EV 73.8 MPH)
|
Bottom of the 6th over - 0 runs, 1 hit, 0 errors, 1 left on base; Johnson City 11 - Grand Junction 6 |
TOP OF THE 7TH |
Johnson City Cardinals batting - Pitching for Grand Junction Rockies : LHP Josh Alvarez
|
Batting: LHB Ken Compton
|
0-0: Ball 1-0: Foul Ball, location: 2F 1-1: SINGLE (Groundball, 34D, EV 96.9 MPH)
|
Batting: RHB Sal Guzman
|
0-0: Ball 1-0: SINGLE (Line Drive, 56D, EV 106.9 MPH) Ken Compton to second
|
Batting: RHB McGwire Jones
|
0-0: DOUBLE (Line Drive, 9LS, EV 100.6 MPH) Ken Compton scores Sal Guzman to third
|
Batting: RHB Sam Daw
|
0-0: Swinging Strike 0-1: Ball 1-1: Called Strike 1-2: Ball 2-2: Strikes out swinging
|
Batting: RHB Johnny Lowe
|
0-0: Ground out 5-3 (Groundball, 56, EV 79.4 MPH) Sal Guzman scores
|
Batting: RHB Geoff Musico
|
0-0: Called Strike 0-1: Ball 1-1: 2-RUN HOME RUN (Flyball, 78XD, EV 110.6 MPH), Distance : 434 ft
|
Batting: RHB Edgar Klockow
|
0-0: Ball 1-0: Ball 2-0: Ball 3-0: Called Strike 3-1: Foul Ball, location: 2F 3-2: Base on Balls
|
Pitching: RHP Josh Blaschke
|
|
Batting: RHB Chris Rouleau
|
0-0: Fly out, F6 (Line Drive, 6, EV 68.1 MPH)
|
Top of the 7th over - 4 runs, 4 hits, 0 errors, 1 left on base; Johnson City 15 - Grand Junction 6 |
BOTTOM OF THE 7TH |
Grand Junction Rockies batting - Pitching for Johnson City Cardinals : LHP Kevin Turner
|
Pinch Hitting: RHB Charles Blatchford
|
0-0: Called Strike 0-1: Swinging Strike 0-2: Ball 1-2: Foul Ball, location: 2F 1-2: Ground out 6-3 (Groundball, 6M, EV 80.6 MPH)
|
Batting: RHB Matviy Oliynyk
|
0-0: Foul Ball, location: 2F 0-1: Ball 1-1: Ball 2-1: Called Strike 2-2: Foul Ball, location: 2F 2-2: Strikes out swinging
|
Batting: RHB Zakhar Edelman
|
0-0: Ball 1-0: Called Strike 1-1: Ground out 1-3 (Groundball, 13S, EV 66.9 MPH)
|
Bottom of the 7th over - 0 runs, 0 hits, 0 errors, 0 left on base; Johnson City 15 - Grand Junction 6 |
TOP OF THE 8TH |
Johnson City Cardinals batting - Pitching for Grand Junction Rockies : RHP Josh Blaschke
|
Now at 2B: Charles Blatchford
|
|
Batting: RHB Nelson Salamanca
|
0-0: Swinging Strike 0-1: Ball 1-1: Ball 2-1: Ball 3-1: Foul Ball, location: 2F 3-2: Foul Ball, location: 2F 3-2: Foul Ball, location: 2F 3-2: Foul Ball, location: 2F 3-2: Base on Balls
|
Batting: LHB Ken Compton
|
0-0: Foul Ball, location: 2F 0-1: Ball 1-1: Foul Ball, location: 2F 1-2: Ball 2-2: Foul Ball, location: 2F 2-2: Ball 3-2: Fielders Choice at 2nd, 6-4 (Groundball, 6, EV 92.5 MPH)
|
Batting: RHB Sal Guzman
|
0-0: Ball 1-0: Swinging Strike 1-1: Called Strike 1-2: Ball 2-2: Fly out, F9 (Flyball, 9, EV 95.0 MPH)
|
Batting: RHB McGwire Jones
|
0-0: Ball 1-0: Ball 2-0: Foul Ball, location: 2F 2-1: Fly out, F8 (Line Drive, 8RM, EV 100.6 MPH)
|
Top of the 8th over - 0 runs, 0 hits, 0 errors, 1 left on base; Johnson City 15 - Grand Junction 6 |
BOTTOM OF THE 8TH |
Grand Junction Rockies batting - Pitching for Johnson City Cardinals : LHP Kevin Turner
|
Batting: SHB Craig Ruzic
|
0-0: Called Strike 0-1: Called Strike 0-2: Ball 1-2: Ball 2-2: Foul Ball, location: 2F 2-2: Foul Ball, location: 2F 2-2: Strikes out swinging
|
Batting: RHB Manny Thompson
|
0-0: Fly out, F9 (Flyball, 89S, EV 84.4 MPH)
|
Batting: RHB Willie Benito
|
0-0: Foul Ball, location: 2F 0-1: Foul Ball, location: 2F 0-2: Strikes out swinging
|
Bottom of the 8th over - 0 runs, 0 hits, 0 errors, 0 left on base; Johnson City 15 - Grand Junction 6 |
TOP OF THE 9TH |
Johnson City Cardinals batting - Pitching for Grand Junction Rockies : RHP Josh Blaschke
|
Pitching: RHP Travis Palmisano
|
|
Batting: RHB Sam Daw
|
0-0: Foul Ball, location: 2F 0-1: Ball 1-1: Called Strike 1-2: Ball 2-2: Ball 3-2: Foul Ball, location: 2F 3-2: Foul Ball, location: 2F 3-2: Base on Balls
|
Pinch Hitting: RHB Tim Williams
|
0-0: Ball 1-0: Called Strike 1-1: Foul Ball, location: 2F 1-2: Strikes out looking
|
Pinch Hitting: RHB Julio Sandoval
|
0-0: Swinging Strike 0-1: Ball 1-1: Ball 2-1: Foul Ball, location: 2F 2-2: Ball 3-2: Foul Ball, location: 2F 3-2: Strikes out swinging
|
Batting: RHB Edgar Klockow
|
0-0: Foul Ball, location: 2F 0-1: Called Strike 0-2: Fly out, F8 (Flyball, 8LM, EV 86.2 MPH)
|
Top of the 9th over - 0 runs, 0 hits, 0 errors, 1 left on base; Johnson City 15 - Grand Junction 6 |
BOTTOM OF THE 9TH |
Grand Junction Rockies batting - Pitching for Johnson City Cardinals : LHP Kevin Turner
|
Now at C: Julio Sandoval
|
|
Now at SS: Tim Williams
|
|
Batting: LHB Daniel Green
|
0-0: Ball 1-0: Swinging Strike 1-1: Ball 2-1: Fly out, F9 (Flyball, 9D, EV 95.0 MPH)
|
Pitching: RHP Tony Bonilla
|
|
Batting: RHB Ray Insley
|
0-0: Ball 1-0: Ball 2-0: Called Strike 2-1: Called Strike 2-2: Ball 3-2: Foul Ball, location: 2F 3-2: SINGLE (Groundball, 6D, EV 105.0 MPH)
|
Batting: RHB Brent Montagano
|
0-0: Ball 1-0: Ball 2-0: Swinging Strike 2-1: Foul Ball, location: 2F 2-2: Ball 3-2: SINGLE (Groundball, 34, EV 85.0 MPH) (infield hit) Ray Insley to second
|
Batting: RHB Charles Blatchford
|
0-0: Ball 1-0: Ball 2-0: Foul Ball, location: 2F 2-1: Foul Ball, location: 2F 2-2: Ball 3-2: Base on Balls Ray Insley to third Brent Montagano to second
|
Batting: RHB Matviy Oliynyk
|
0-0: Called Strike 0-1: Ball 1-1: Foul Ball, location: 2F 1-2: Strikes out swinging
|
Batting: RHB Zakhar Edelman
|
0-0: Ground out 5-3 (Groundball, 56S, EV 70.6 MPH)
|
Bottom of the 9th over - 0 runs, 2 hits, 0 errors, 3 left on base; Johnson City 15 - Grand Junction 6 |
|